 Dungeon Crawl Stone Soup version 0.31-a0-1591-g515db51633 (webtiles) character file.

Game seed: 9988829972393357899

6015 Atlas the Grappler (level 10, -5/92 HPs)
             Began as a Troll Shapeshifter on Jan 6, 2024.
             Was an Initiate of Gozag.
             Slain by Erica
             ... wielding a +4 scimitar of flaming
              (12 damage)
             ... on level 8 of the Dungeon.
             The game lasted 00:08:39 (6465 turns).

Atlas the Grappler (Troll Shapeshifter)             Turns: 6465, Time: 00:08:39

Health: -5/92      AC:  8    Str: 28    XL:     10   Next: 56%
Magic:  9/9        EV: 12    Int:  6    God:    Gozag
Gold:   1241       SH:  0    Dex: 15    Spells: 9/9 levels left

rFire   . .          .
                       - Unarmed
rCold   . . .        (no shield)
rNeg    . . .        a - +0 animal skin
rPois   .            (helmet currently unavailable)
rElec   .            (cloak currently unavailable)
rCorr   .            (gloves unavailable)
SInv    .            (boots unavailable)
Will    .....        (no amulet)
Stlth   ++           n - +6 ring of dexterity
HPRegen 1.15/turn    r - +4 ring of protection
MPRegen 0.11/turn

%: no passive effects
@: beast-form, gold aura
A: beast (slay +4), large, unfitting armour, claws 3, regeneration 1, shaggy fur
1, tough skin 1
a: Begin Untransformation, Renounce Religion, Potion Petition, Call Merchant,
Bribe Branch


You were on level 8 of the Dungeon.
You worshipped Gozag.
Gozag was most pleased with you.
You were a hulking beast.
You visited 2 branches of the dungeon, and saw 9 of its levels.
You also visited: Ossuary and Bailey.

You collected 1287 gold pieces.
You paid 46 gold pieces to Gozag.

Inventory:

Armour
 a - a +0 animal skin (worn)
 s - the +0 hat of Noon {Will+}
   (You found it on level 4 of the Dungeon)

   Will+:     It increases your willpower.
Jewellery
 n - a +6 ring of dexterity (left claw)
 r - a +4 ring of protection (right claw)
 z - an amulet of reflection
Talismans
 c - a beast talisman
 d - a flux talisman
Wands
 y - a wand of flame (17)
 A - a wand of iceblast (2)
Scrolls
 f - a scroll of fog
 h - a scroll of torment {unknown}
 i - 3 scrolls of amnesia
 j - a scroll of revelation
 l - a scroll of poison {unknown}
 m - 2 scrolls of noise
 p - 2 scrolls of immolation
 u - a scroll of fear {unknown}
 v - a scroll of enchant armour {unknown}
 C - a scroll of teleportation {unknown}
 D - a scroll of butterflies {unknown}
 E - a scroll of acquirement {unknown}
Potions
 b - 2 potions of lignification
 e - a potion of mutation {unknown}
 g - 2 potions of attraction {unknown}
 k - 4 potions of curing
 o - 3 potions of might {unknown}
 q - 7 potions of enlightenment
 t - 2 potions of cancellation {unknown}
 w - 2 potions of brilliance {unknown}
 x - 2 potions of haste {unknown}
 B - a potion of heal wounds
 F - 2 potions of magic {unknown}


   Skills:
 + Level 3.8 Fighting
 + Level 5.1 Dodging
 - Level 1.0 Stealth
 + Level 11.8 Unarmed Combat
 + Level 0.4 Evocations
 * Level 7.8 Shapeshifting


You had 9 spell levels left.
You didn't know any spells.
Your spell library contained the following spells:

 Spells                   Type           Power      Damage    Failure   Level
 Sting                    Conj/Alch      0%         1d3       45%         1
 Mercury Vapours          Alch/Air       0%         N/A       58%         2
 Ignite Poison            Fire/Alch      0%         N/A       99%         4
 Olgreb's Toxic Radiance  Alch           0%         N/A       99%         4
 Sticky Flame             Fire/Alch      0%         2d4       99%         4
 Ignition                 Fire           0%         3d3       100%        8


Dungeon Overview and Level Annotations

Branches:
Dungeon (8/15)             Temple (1/1) D:4         Ossuary (visited)
 Bailey (visited)
   Lair: D:8-11

Altars:
Ashenzari
Cheibriados
Dithmenos
Elyvilon
Fedhas
Gozag
Hepliaklqana
Makhleb
Nemelex Xobeh
Okawaru
Ru
Sif Muna
Trog
Uskayaw
Vehumet
Wu Jian
The Shining One
Lugonu

Shops:
D:4 (   D:5 **

Annotations:
D:6 3 runed translucent doors, thriggle's ghost, novice BaFi
D:8 Erica


Innate Abilities, Weirdness & Mutations

You are a hulking beast.
Your limbs bulge with bestial killing power. (Slay +4)
You are too large for most types of armour.
You have claws for hands.
Your natural rate of healing is unusually fast.
You are covered in fur. (AC +1)
You have tough skin. (AC +1)


Message History

Found a quarterstaff.
The killer bee stings you but does no damage.
You mangle the killer bee!!
You kill the killer bee!
A wyvern comes into view.
Erica shouts!
Erica mumbles some strange words.
Erica flickers and vanishes!
Deactivating autopickup; reactivate with Ctrl-A.
You scratch the wyvern.
The wyvern is lightly wounded.
The wyvern bites you!
You barely miss the wyvern.
The wyvern is lightly wounded.
The wyvern closely misses you.
You scratch the wyvern.
The wyvern is moderately wounded.
The wyvern bites you!
A killer bee comes into view.
The wyvern bites you!
You scratch the wyvern but do no damage.
The wyvern is moderately wounded.
The wyvern bites you! Something hits you! Something burns you!
You are too injured to fight recklessly!
You are too injured to fight recklessly!
You are too injured to fight recklessly!
Unknown command.
A killer bee comes into view.
Okay, then.
Okay, then.
The wyvern is distracted by your dazzling golden aura.
Something hits you!
* * * LOW HITPOINT WARNING * * *
Something burns you!
* * * LOW HITPOINT WARNING * * *
The wyvern hisses angrily.
The killer bee is distracted by your dazzling golden aura.
Something hits you!
You die...
Your body crumbles into a pile of gold.

*,,,,,,,,,,,*,,,,,............
*,,,,,,,,,..###*###..#......#.
*,,.y.*+##*..$.,,.....<.......
*,,...#+#.,....,,,............
*,,.......##..#***#.#.........
*,,...y..<....# #.##.######.
****,,.........#.# #.))))......
,,,+,,........$#.########)#######
,***,,......>ky.h.......#.##### #
,* ****#####...#.######.#.....###
,* *,,,,,,#...#.######.......#..
,* *,***,*#...#..............#.#
,* *,,,,,,#...#########......#.#
,********,,#...# ###....#.#
,*,,,,,,,,,..).#****######....#.#
,**,,,,,,,......,,,.............#
,********#######***#########.####


You could see a wyvern and 2 killer bees.

Vanquished Creatures
  A two-headed ogre (Bailey)
  Psyche (D:8)
  Grinder (Temple)
  4 spriggans (Bailey)
  Grum (D:8)
  A wyvern (D:5)
  2 steam dragons
  3 ice beasts
  An orc warrior (D:6)
  3 wolves (D:8)
  A centaur (D:6)
  8 ogres
  A phantom (D:5)
  2 kobold brigands (D:8)
  5 elf zombies (Ossuary)
  A gnoll sergeant (D:7)
  A bullfrog (D:7)
  7 wights
  2 killer bees (D:8)
  2 electric eels (D:6)
  A howler monkey (D:5)
  3 centaur zombies (Ossuary)
  5 jellies
  4 bombardier beetles
  6 hounds
  4 orc priests
  3 human zombies (Ossuary)
  A sleepcap (D:7)
  6 orc wizards
  4 iguanas
  3 mummies (Ossuary)
  4 adders
  7 gnolls
  A white imp (D:6)
  2 ufetubi (D:5)
  5 dart slugs
  A ribbon worm (D:3)
  13 orcs
  6 endoplasms
  3 giant cockroaches
  4 goblins
  6 hobgoblins
  10 jackals
  4 quokkas
  10 ball pythons
  9 bats
  3 frilled lizards
  22 kobolds
  6 rats
204 creatures vanquished.

Notes
Turn   | Place    | Note
-------+----------+-------------------------------------------
     0 | D:1      | Atlas the Troll Shapeshifter began the quest for the Orb.
     0 | D:1      | Reached XP level 1. HP: 18/18 MP: 0/0
    95 | D:1      | Reached XP level 2. HP: 26/26 MP: 1/1
   253 | D:1      | Reached XP level 3. HP: 31/32 MP: 2/2
   820 | D:2      | Found a sparkling altar of Nemelex Xobeh.
   982 | D:2      | Reached XP level 4. HP: 32/40 MP: 3/3
  1514 | D:3      | Reached skill level 4 in Unarmed Combat
  1950 | D:3      | Found a snail-covered altar of Cheibriados.
  1950 | D:3      | Found a bloodstained altar of Trog.
  2070 | D:4      | Reached XP level 5. HP: 36/46 MP: 4/4
  2076 | D:4      | HP: 2/46 [iguana (5)]
  2079 | D:4      | Reached skill level 1 in Fighting
  2169 | D:4      | Found a staircase to the Ecumenical Temple.
  2178 | D:4      | Noticed Grinder
  2183 | Temple   | Entered the Ecumenical Temple
  2196 | Temple   | Paralysed by Grinder for 4 turns
  2208 | Temple   | Became a worshipper of Gozag Ym Sagoz the Greedy
  2229 | Temple   | Paralysed by Grinder for 3 turns
  2234 | Temple   | Killed Grinder
  2235 | Temple   | Reached skill level 5 in Unarmed Combat
  2235 | Temple   | Reached XP level 6. HP: 20/55 MP: 5/5
  2317 | D:4      | Found a blossoming altar of Fedhas.
  2465 | D:4      | Found Sixtem's Weapon Shop.
  2534 | D:4      | Identified the +0 hat of Noon {Will+}
  2738 | D:4      | Found an ornate altar of the Wu Jian Council.
  2994 | D:5      | Entered Level 5 of the Dungeon
  2996 | D:5      | Noticed an ice beast
  3004 | D:5      | Killed an ice beast
  3005 | D:5      | Reached skill level 1 in Stealth
  3005 | D:5      | Reached XP level 7. HP: 44/62 MP: 6/6
  3015 | D:5      | Noticed a wyvern
  3023 | D:5      | Killed a wyvern
  3024 | D:5      | Reached skill level 6 in Unarmed Combat
  3071 | D:5      | Reached skill level 5 in Shapeshifting
  3178 | D:5      | Found a broken altar of Ashenzari.
  3383 | D:5      | Reached XP level 8. HP: 72/72 MP: 7/7
  3432 | D:5      | Reached skill level 7 in Unarmed Combat
  3484 | D:5      | Found Deyqyst's Overcharged Wands.
  3491 | D:5      | Identified the +2 robe of Sunlight {Int+3}
  3573 | D:5      | Found a burning altar of Makhleb.
  3681 | D:5      | Found Xuffuef's Fire Supplies.
  3850 | D:6      | Found a runed translucent gate.
  3850 | D:6      | Found a runed translucent gate.
  3850 | D:6      | Found a runed translucent gate.
  3852 | D:6      | Noticed thriggle's ghost (novice BaFi)
  3968 | D:6      | Found a sand-covered staircase.
  3975 | Ossuary  | Entered an ossuary
  4045 | Ossuary  | Reached skill level 8 in Unarmed Combat
  4238 | D:6      | Reached XP level 9. HP: 71/80 MP: 8/8
  4347 | D:6      | Reached skill level 9 in Unarmed Combat
  4377 | D:6      | Found a white marble altar of Elyvilon.
  4870 | D:7      | Found a hide-covered altar of Uskayaw.
  5215 | D:7      | Identified the +10 rapier of Superiority {antimagic, Dex+3}
  5365 | D:7      | Identified the +5 ring mail of Distant Worlds {rElec rF+
                  | Dex+5}
  5448 | D:8      | Noticed Psyche
  5475 | D:8      | Killed Psyche
  5476 | D:8      | Reached skill level 10 in Unarmed Combat
  5549 | D:8      | Found a flagged portal.
  5559 | Bailey   | Entered a bailey
  5812 | Bailey   | Reached XP level 10. HP: 77/91 MP: 9/9
  5923 | Bailey   | Identified the +1 quarterstaff of Classification {heavy,
                  | Will+ rCorr Int+4}
  5924 | Bailey   | Noticed a two-headed ogre
  5928 | Bailey   | Reached skill level 11 in Unarmed Combat
  5966 | Bailey   | Killed a two-headed ogre
  6151 | D:8      | Reached skill level 5 in Dodging
  6262 | D:8      | Noticed Grum
  6284 | D:8      | Killed Grum
  6454 | D:8      | Noticed Erica
  6465 | D:8      | Slain by Erica

Illustrated notes

Levels and vault maps discovered:
D:1:      enne_arrival_octagon_isle, layout_loops_ring
D:2:      layout_basic, basic_altar
D:3:      layout_basic, gammafunk_temple_overflow_wave
D:4:      layout_basic, mainiacjoe_overflow_tiny_flanked,
          nzn_wu_jian_contemplation, minmay_temple_entry_glass, serial_shops,
          nicolae_shop_bloodbath_and_beyond, minivault_14,
          kennysheep_generic_room_3, uniq_grinder
D:5:      layout_loops_ring, lemuel_coloured_pillars_altar, ashenzari_altar_1,
          minmay_misc_feat_doors, nicolae_shop_fire_sale
          [nicolae_sub_dead_trees], nicolae_shop_overcharged_wands
D:6:      layout_rooms, nicolae_elyvilon_temple_path,
          nicolae_ossuary_entry_plus, ebering_ghost_rock_garden
D:7:      layout_basic, mainiacjoe_overflow_surrounded_room
D:8:      layout_basic, serial_shops, shop, enter_bailey_6, uniq_erica,
          uniq_psyche, uniq_grum
Temple:   kb_corrupted_temple

Skill      XL: |  1  2  3  4  5  6  7  8  9 10 |
---------------+-------------------------------+-----
Unarmed Combat | 4 5 6 8 10 11 | 11.8
Dodging        | 2 3 4 5 |  5.1
Shapeshifting  | 4 5 6 7 |  7.8
Fighting       | 1 2 3 |  3.8
Stealth        | 1 |  1.0
Evocations     | |  0.4

Action                     |  1- 3 |  4- 6 |  7- 9 | 10-12 || total
---------------------------+-------+-------+-------+-------++-------
  Melee: Unarmed           |   101 |   117 |   267 |    93 ||   578
         Punch             |     1 |     2 |    17 |     8 ||    28
  Evoke: Wand              |       |       |     1 |     3 ||     4
    Use: Potion            |       |     3 |     1 |     3 ||     7
         Scroll            |       |       |     6 |       ||     6
   Stab: Sleeping          |       |     2 |     4 |       ||     6
         Distracted        |       |       |     2 |       ||     2
 Armour: Animal skin       |    75 |    90 |   134 |    83 ||   382
         Skin              |       |       |     7 |     4 ||    11
  Dodge: Dodged            |    39 |    66 |    93 |    51 ||   249

Table legend: (Time is in decaauts)
 A = Elapsed time spent in this place.
 B = Non-inter-level travel time spent in this place.
 C = Inter-level travel time spent in this place.
 D = Time resting spent in this place.
 E = Time spent auto-exploring this place.
 F = Levels seen in this place.
 G = Mean time per level.
                   A        B        C        D        E       F      G
               +--------+--------+--------+--------+--------+-----+--------+
         Total |   6375 |   6208 |    167 |    263 |   4465 |  11 |  579.5 |
       Dungeon |   5563 |   5415 |    148 |     22 |   4231 |   8 |  695.4 |
        Temple |    101 |     82 |     19 |      0 |     38 |   1 |  101.0 |
       Ossuary |    165 |    165 |      0 |      0 |     71 |   1 |  165.0 |
        Bailey |    544 |    544 |      0 |    241 |    125 |   1 |  544.0 |
               +--------+--------+--------+--------+--------+-----+--------+

Top non-repeatable levels by time:
     D:5: 846 daAuts
     D:2: 829 daAuts
     D:4: 801 daAuts
     D:7: 727 daAuts
     D:3: 637 daAuts
     D:1: 607 daAuts
     D:6: 606 daAuts
  Bailey: 544 daAuts
     D:8: 506 daAuts
 Ossuary: 165 daAuts
  Temple: 101 daAuts
